 Dungeon Sprint DCSS version 0.17-a0-2118-g63bad21 (webtiles) character file.

4600000 hexophile the Axe Maniac (level 21, -26/142 HPs)
             Began as a Spriggan Enchanter on Oct 20, 2015.
             Was the Champion of Makhleb.
             Annihilated by a destroyer
             ... wielding a +9 great sword of slicing
              (168 damage)
             ... in the Dungeon (Sprint VIII: "Arena of Blood").
             The game lasted 00:01:39 (46 turns).

hexophile the Axe Maniac (Spriggan Enchanter)         Turns: 46, Time: 00:01:40

Health: -26/142    AC:  4    Str:  4    XL:     21   Next: 59%
Magic:  23/53      EV: 44    Int: 18    God:    Makhleb [******]
Gold:   0          SH:  0    Dex: 25    Spells: 1 memorised, 73 levels left

rFire  . . .     SeeInvis +     k - +∞ Axe of Woe
rCold  . . .     Clarity  .     b - +1 robe
rNeg   . . .     SustAt   .     (shield restricted)
rPois  .         Gourm    .     (helmet restricted)
rElec  .         Spirit   .     (no cloak)
rCorr  .         Warding  .     (gloves unavailable)
rMut   .         NoTele   +     (boots unavailable)
MR     +++..                    (no amulet)
Stlth  ++++++++++               (no ring)
                                (no ring)

@: very quick, extremely resistant to hostile enchantments, uncannily stealthy
A: unfitting armour, see invisible, herbivore 3, speed 3, slow metabolism 2
a: Minor Destruction, Lesser Servant of Makhleb, Major Destruction, Greater
Servant of Makhleb, Renounce Religion


You were in the Dungeon.
You worshipped Makhleb.
Makhleb was exalted by your worship.
You were not hungry.

You visited 1 branch


Innate Abilities, Weirdness & Mutations

You are tiny and cannot use many weapons and most armour.
You have supernaturally acute eyesight.
You are a herbivore.
You cover ground extremely quickly.
You need consume almost no food.

Inventory:

Hand Weapons
 a - a +1 dagger
 k - the +∞ Axe of Woe (weapon)
   (You found it in the Dungeon)
Armour
 b - a +1 robe (worn)
Scrolls
 j - a scroll of blinking
Potions
 e - a potion of curing
 f - a potion of heal wounds
 g - a potion of haste
 h - 2 potions of magic
 i - a potion of berserk rage
Books
 c - a book of Maledictions

   Spells                             Type                      Level
   a - Corona                         Hexes                        1
   b - Ensorcelled Hibernation        Hexes/Ice                    2
   c - Confuse                        Hexes                        3
   d - Tukima's Dance                 Hexes                        3
   e - Dazzling Spray                 Conjuration/Hexes            3
Comestibles
 d - a bread ration


You had 73 spell levels left.
You knew the following spells:

 Your Spells              Type           Power        Failure   Level  Hunger
a - Corona                Hex            #######      0%          1    None


   Skills:
 O Level 27 Fighting
 + Level 24.3 Short Blades
 O Level 27 Axes
 + Level 22.7 Throwing
 + Level 18.4 Armour
 O Level 27 Dodging
 O Level 27 Stealth
 + Level 19.7 Unarmed Combat
 O Level 27 Spellcasting
 O Level 27 Hexes
 + Level 22.7 Invocations

Dungeon Overview and Level Annotations

Branches:
Dungeon (1/1)

Altars:
Makhleb

Vault maps used:
D:        meatsprint
You       could see 3 destroyers, a sculptor of flesh (wandering), a large bag
          of meat (inner flame), 8 meat berserkers and 20 bags of meat.


Message History

The meat berserker rages.
You hear a shout! x2
The large bag of meat shouts!
A destroyer comes into view.
It is wielding a +9 great sword of slicing.
You hear a shout! x4
The bag of meat moves out of view.
You hear a shout!
The destroyer moves out of view.
A bag of meat comes into view. It is wielding a +9 war axe.
You hear a shout! x2
The destroyer blinks!
You hear a shout!
The bag of meat shouts!
An orc and 2 ogres come into view.
You hear a shout! x3
The destroyer blinks!
The meat berserker completely misses you.
You hear a shout! x3
The meat berserker shouts! 3 orcs come into view.
The meat berserker rages.
The bag of meat moves out of view.
You hear a shout! x3
A bag of meat comes into view. It is wielding a +9 war axe.
An orc and an ogre come into view.
You hear a shout! x2
The meat berserker rages. x2
You hear a shout! x5
The destroyer shouts!
A bag of meat comes into view.
It is wielding a +9 war axe. 2 orcs and a skeletal warrior come into view.
You hear a shout! x7
An orc and an ogre come into view. 3 orcs come into view.
The bag of meat shouts!
You hear a shout!
You hear a shout!
You hear a shout!
You hear a shout!
The meat berserker completely misses you.
The destroyer blinks!
The bag of meat moves out of view.
You hear a shout! x2
The meat berserker rages.
You hear a shout!
The meat berserker rages.
You hear a shout!
A bag of meat comes into view.
It is wielding a +9 war axe. 3 orcs, an ogre, a vampire knight and a skeletal warrior come into view.
The bag of meat shouts!
The destroyer shouts!
You hear a shout!
The bag of meat moves out of view.
You hear a shout! x5
The destroyer hits you with a +9 great sword of slicing!!!!!
Ouch! That really hurt!
You die...

Action                   |  1- 3 |  4- 6 |  7- 9 | 10-12 | 13-15 | 16-18 | 19-21 || total
-------------------------+-------+-------+-------+-------+-------+-------+-------++-------
Melee: Broad axe         |     1 |       |       |     1 |     3 |     5 |     7 ||    17

Notes
Turn   | Place    | Note
--------------------------------------------------------------
     0 | D        | hexophile the Spriggan Enchanter began the quest for the Orb.
     0 | D        | Reached XP level 1. HP: 9/9 MP: 5/5
     3 | D        | Noticed a bag of meat
     4 | D        | Became a worshipper of Makhleb the Destroyer
     5 | D        | Noticed a bag of meat
     6 | D        | Noticed a bag of meat
     9 | D        | Killed a bag of meat
     9 | D        | Reached skill level 22 in Axes
     9 | D        | Reached XP level 2. HP: 13/13 MP: 6/6
     9 | D        | Reached XP level 3. HP: 16/16 MP: 8/8
     9 | D        | Reached XP level 4. HP: 21/21 MP: 9/9
     9 | D        | Reached XP level 5. HP: 24/24 MP: 10/10
     9 | D        | Reached XP level 6. HP: 28/28 MP: 11/11
     9 | D        | Reached XP level 7. HP: 32/32 MP: 12/12
     9 | D        | Reached XP level 8. HP: 36/36 MP: 13/13
     9 | D        | Reached XP level 9. HP: 39/39 MP: 14/14
     9 | D        | Reached XP level 10. HP: 44/44 MP: 15/15
     9 | D        | Reached XP level 11. HP: 47/47 MP: 16/16
    10 | D        | Noticed a bag of meat
    10 | D        | Noticed a bag of meat
    10 | D        | Noticed a meat berserker
    10 | D        | Noticed a bag of meat
    10 | D        | Noticed a bag of meat
    10 | D        | Noticed a bag of meat
    10 | D        | Noticed a bag of meat
    11 | D        | Noticed a bag of meat
    11 | D        | Noticed a bag of meat
    11 | D        | Noticed a bag of meat
    11 | D        | Noticed a bag of meat
    13 | D        | Noticed a bag of meat
    13 | D        | Noticed a bag of meat
    14 | D        | Noticed a bag of meat
    14 | D        | Noticed a bag of meat
    14 | D        | Killed a bag of meat
    14 | D        | Reached * piety under Makhleb
    14 | D        | Reached skill level 25 in Axes
    14 | D        | Reached XP level 12. HP: 51/51 MP: 17/17
    14 | D        | Killed a meat berserker
    14 | D        | Reached skill level 27 in Axes
    14 | D        | Reached skill level 6 in Fighting
    14 | D        | Reached skill level 11 in Dodging
    14 | D        | Reached skill level 12 in Stealth
    14 | D        | Reached skill level 10 in Spellcasting
    14 | D        | Reached skill level 10 in Hexes
    14 | D        | Reached XP level 13. HP: 54/66 MP: 17/28
    14 | D        | Reached XP level 14. HP: 57/70 MP: 17/29
    15 | D        | Killed a bag of meat
    15 | D        | Reached ** piety under Makhleb
    15 | D        | Reached skill level 8 in Fighting
    15 | D        | Reached skill level 14 in Dodging
    15 | D        | Reached skill level 15 in Stealth
    15 | D        | Reached skill level 12 in Spellcasting
    15 | D        | Reached skill level 12 in Hexes
    16 | D        | Noticed a bag of meat
    16 | D        | Noticed a meat berserker
    16 | D        | Killed a bag of meat
    16 | D        | Reached skill level 10 in Fighting
    16 | D        | Reached skill level 16 in Dodging
    16 | D        | Reached skill level 18 in Stealth
    16 | D        | Reached skill level 14 in Spellcasting
    16 | D        | Reached skill level 14 in Hexes
    16 | D        | Reached XP level 15. HP: 74/81 MP: 17/34
    17 | D        | Noticed a large bag of meat
    17 | D        | Killed a bag of meat
    17 | D        | Reached *** piety under Makhleb
    17 | D        | Reached skill level 11 in Fighting
    17 | D        | Reached skill level 18 in Dodging
    17 | D        | Reached skill level 20 in Stealth
    17 | D        | Reached skill level 16 in Spellcasting
    17 | D        | Reached skill level 16 in Hexes
    17 | D        | Killed a bag of meat
    17 | D        | Reached skill level 12 in Fighting
    17 | D        | Reached skill level 20 in Dodging
    17 | D        | Reached skill level 21 in Stealth
    17 | D        | Reached skill level 17 in Spellcasting
    17 | D        | Reached skill level 17 in Hexes
    17 | D        | Killed a bag of meat
    17 | D        | Reached skill level 13 in Fighting
    17 | D        | Reached skill level 21 in Dodging
    17 | D        | Reached skill level 23 in Stealth
    17 | D        | Reached skill level 18 in Spellcasting
    17 | D        | Reached skill level 18 in Hexes
    17 | D        | Reached XP level 16. HP: 89/92 MP: 17/39
    20 | D        | Noticed a meat berserker
    20 | D        | Killed a bag of meat
    20 | D        | Reached **** piety under Makhleb
    20 | D        | Reached skill level 14 in Fighting
    20 | D        | Reached skill level 22 in Dodging
    20 | D        | Reached skill level 24 in Stealth
    20 | D        | Reached skill level 19 in Spellcasting
    20 | D        | Reached skill level 19 in Hexes
    20 | D        | Killed a bag of meat
    20 | D        | Reached skill level 15 in Fighting
    20 | D        | Reached skill level 23 in Dodging
    20 | D        | Reached skill level 25 in Stealth
    20 | D        | Reached skill level 20 in Spellcasting
    20 | D        | Reached skill level 20 in Hexes
    20 | D        | Killed a bag of meat
    20 | D        | Reached skill level 16 in Fighting
    20 | D        | Reached skill level 24 in Dodging
    20 | D        | Reached skill level 26 in Stealth
    20 | D        | Reached skill level 21 in Spellcasting
    20 | D        | Reached skill level 21 in Hexes
    20 | D        | Reached XP level 17. HP: 98/100 MP: 17/43
    21 | D        | Noticed a meat berserker
    21 | D        | Killed a bag of meat
    21 | D        | Reached ***** piety under Makhleb
    21 | D        | Reached skill level 17 in Fighting
    21 | D        | Reached skill level 26 in Dodging
    21 | D        | Reached skill level 27 in Stealth
    21 | D        | Reached skill level 22 in Spellcasting
    21 | D        | Reached skill level 22 in Hexes
    22 | D        | Noticed a bag of meat
    22 | D        | Killed a meat berserker
    22 | D        | Reached skill level 19 in Fighting
    22 | D        | Reached skill level 27 in Dodging
    22 | D        | Reached skill level 25 in Spellcasting
    22 | D        | Reached skill level 25 in Hexes
    22 | D        | Killed a bag of meat
    22 | D        | Reached skill level 26 in Spellcasting
    22 | D        | Reached skill level 26 in Hexes
    22 | D        | Reached XP level 18. HP: 111/113 MP: 18/49
    22 | D        | Killed a bag of meat
    22 | D        | Reached skill level 21 in Fighting
    22 | D        | Reached skill level 27 in Spellcasting
    22 | D        | Reached skill level 27 in Hexes
    23 | D        | Noticed a bag of meat
    23 | D        | Killed a bag of meat
    23 | D        | Reached skill level 23 in Fighting
    23 | D        | Killed a bag of meat
    23 | D        | Reached skill level 25 in Fighting
    23 | D        | Noticed a destroyer
    25 | D        | Killed a meat berserker
    25 | D        | Reached ****** piety under Makhleb
    25 | D        | Reached skill level 27 in Fighting
    25 | D        | Reached skill level 8 in Short Blades
    25 | D        | Reached skill level 7 in Throwing
    25 | D        | Reached skill level 5 in Armour
    25 | D        | Reached skill level 5 in Unarmed Combat
    25 | D        | Reached skill level 7 in Invocations
    25 | D        | Reached XP level 19. HP: 127/132 MP: 19/51
    25 | D        | Noticed a large bag of meat
    26 | D        | Noticed a bag of meat
    26 | D        | Noticed a meat berserker
    26 | D        | Killed a meat berserker
    26 | D        | Reached skill level 12 in Short Blades
    26 | D        | Reached skill level 11 in Throwing
    26 | D        | Reached skill level 9 in Armour
    26 | D        | Reached skill level 10 in Unarmed Combat
    26 | D        | Reached skill level 11 in Invocations
    26 | D        | Killed a bag of meat
    26 | D        | Reached skill level 14 in Short Blades
    26 | D        | Reached skill level 13 in Throwing
    26 | D        | Reached skill level 10 in Armour
    26 | D        | Reached skill level 11 in Unarmed Combat
    26 | D        | Reached skill level 13 in Invocations
    27 | D        | Killed a large bag of meat
    27 | D        | Reached skill level 15 in Short Blades
    27 | D        | Reached skill level 14 in Throwing
    27 | D        | Reached skill level 11 in Armour
    27 | D        | Reached skill level 12 in Unarmed Combat
    27 | D        | Reached skill level 14 in Invocations
    28 | D        | Killed a bag of meat
    28 | D        | Reached skill level 16 in Short Blades
    28 | D        | Reached skill level 15 in Throwing
    28 | D        | Reached skill level 12 in Armour
    28 | D        | Reached skill level 13 in Unarmed Combat
    28 | D        | Reached skill level 15 in Invocations
    28 | D        | Reached XP level 20. HP: 114/137 MP: 19/52
    29 | D        | Killed a large bag of meat
    29 | D        | Reached skill level 17 in Short Blades
    29 | D        | Reached skill level 16 in Throwing
    29 | D        | Reached skill level 13 in Armour
    29 | D        | Reached skill level 14 in Unarmed Combat
    29 | D        | Reached skill level 16 in Invocations
    29 | D        | Killed a bag of meat
    29 | D        | Reached skill level 18 in Short Blades
    29 | D        | Reached skill level 17 in Throwing
    29 | D        | Reached skill level 17 in Invocations
    29 | D        | Killed a bag of meat
    29 | D        | Reached skill level 19 in Short Blades
    29 | D        | Reached skill level 18 in Throwing
    29 | D        | Reached skill level 14 in Armour
    29 | D        | Reached skill level 15 in Unarmed Combat
    30 | D        | Noticed a large bag of meat
    30 | D        | Noticed a meat berserker
    31 | D        | Noticed a bag of meat
    31 | D        | Killed a destroyer
    31 | D        | Reached skill level 21 in Short Blades
    31 | D        | Reached skill level 20 in Throwing
    31 | D        | Reached skill level 16 in Armour
    31 | D        | Reached skill level 17 in Unarmed Combat
    31 | D        | Reached skill level 20 in Invocations
    33 | D        | Noticed a bag of meat
    33 | D        | Killed a bag of meat
    33 | D        | Reached skill level 22 in Short Blades
    33 | D        | Reached skill level 18 in Unarmed Combat
    33 | D        | Reached XP level 21. HP: 142/142 MP: 20/53
    34 | D        | Noticed a meat berserker
    34 | D        | Killed a bag of meat
    34 | D        | Reached skill level 23 in Short Blades
    34 | D        | Reached skill level 21 in Throwing
    34 | D        | Reached skill level 17 in Armour
    34 | D        | Reached skill level 21 in Invocations
    34 | D        | Killed a meat berserker
    34 | D        | Reached skill level 24 in Short Blades
    34 | D        | Reached skill level 22 in Throwing
    34 | D        | Reached skill level 18 in Armour
    34 | D        | Reached skill level 19 in Unarmed Combat
    34 | D        | Reached skill level 22 in Invocations
    35 | D        | Noticed a destroyer
    35 | D        | Noticed a bag of meat
    35 | D        | Noticed a meat berserker
    35 | D        | Noticed a destroyer
    36 | D        | Noticed a meat berserker
    36 | D        | Noticed a bag of meat
    37 | D        | Noticed a large bag of meat
    38 | D        | Noticed a meat berserker
    38 | D        | Noticed a bag of meat
    39 | D        | Noticed a destroyer
    40 | D        | Noticed a bag of meat
    41 | D        | Noticed a bag of meat
    41 | D        | Noticed a meat berserker
    41 | D        | Noticed a meat berserker
    42 | D        | Noticed a bag of meat
    42 | D        | Noticed a bag of meat
    42 | D        | Noticed a bag of meat
    43 | D        | Noticed a bag of meat
    43 | D        | Noticed a bag of meat
    43 | D        | Noticed a meat berserker
    44 | D        | Noticed a bag of meat
    44 | D        | Noticed a bag of meat
    44 | D        | Noticed a bag of meat
    44 | D        | Noticed a sculptor of flesh
    45 | D        | Noticed a meat berserker
    45 | D        | Noticed a bag of meat
    45 | D        | Noticed a bag of meat
    45 | D        | Noticed a bag of meat
    45 | D        | Noticed a bag of meat
    46 | D        | Noticed a bag of meat
    46 | D        | Noticed a bag of meat
    46 | D        | Noticed a bag of meat
    46 | D        | Noticed a meat berserker
    46 | D        | Noticed a bag of meat
    46 | D        | Noticed a sculptor of flesh
    46 | D        | Noticed a destroyer
    46 | D        | Annihilated by a destroyer

Table legend:
 A = Turns spent in this place as a percentage of turns spent in the entire game.
 B = Non-inter-level travel turns spent in this place as a percentage of non-inter-level travel turns spent in the entire game.
 C = Inter-level travel turns spent in this place as a percentage of turns spent in this place.
 D = Turns resting spent in this place as a percentage of non-inter-level travel turns spent in this place.
 E = Turns spent auto-exploring this place as a percentage of non-inter-level travel turns spent in this place.
 F = Non-inter-level travel turns spent in this place divided by the number of levels of this place that you've seen.
                   A       B       C       D       E      F
               +-------+-------+-------+-------+-------+----------------------
         Total | 100.0 | 100.0 |   0.0 |   0.0 |   0.0 |  83.0
       Dungeon | 100.0 | 100.0 |   0.0 |   0.0 |   0.0 |  83.0
               +-------+-------+-------+-------+-------+----------------------

Table legend:
 A = Kills in this place as a percentage of kills in entire the game.
 B = Kills by you in this place as a percentage of kills by you in the entire game.
 C = Kills by friends in this place as a percentage of kills by friends in the entire game.
 D = Other kills in this place as a percentage of other kills in the entire game.
 E = Experience gained in this place as a percentage of experience gained in the entire game.
 F = Experience gained in this place divided by the number of levels of this place that you have seen.
                   A       B       C       D       E      F
               +-------+-------+-------+-------+-------+----------------------
         Total | 100.0 | 100.0 |  -nan |  -nan | 100.0 | 657588.0
       Dungeon | 100.0 | 100.0 |  -nan |  -nan | 100.0 | 657588.0
               +-------+-------+-------+-------+-------+----------------------

Vanquished Creatures
  A vampire knight (D)
  5 ogres (D)
  21 orcs (D)
  2 hill giants (D)
29 creatures vanquished.
